 Dungeon Crawl Stone Soup version 0.23.1-37-gaa34b87b72 (webtiles) character file.

Game seed: 5203159538340637079

77487 Marnok the Peltast (level 15, -15/147 HPs)
             Began as a Minotaur Fighter on Mar 23, 2019.
             Was a High Priest of Qazlal.
             Demolished by an Ice Fiend (45 damage)
             ... summoned by a deep elf demonologist
             ... on level 3 of the Elven Halls.
             The game lasted 01:21:44 (11678 turns).

Marnok the Peltast (Minotaur Fighter)              Turns: 11678, Time: 01:21:45

Health: -15/147    AC: 12    Str: 25    XL:     15   Next: 15%
Magic:  0/14       EV: 19    Int: 12    God:    Qazlal [*****.]
Gold:   119        SH: 27    Dex: 12    Spells: 14/14 levels left

rFire    . . .     SeeInvis .   U - +7 hand axe (flame)
rCold    + . .     Gourm    .   c - +1 shield
rNeg     . . .     Faith    .   X - +1 troll leather armour
rPois    .         Spirit   +   S - +0 hat {Int+3}
rElec    .         Reflect  +   B - scarf {Spirit}
rCorr    .         Harm     .   C - +0 pair of gloves
MR       ++...                  E - +2 pair of boots of Sunlight {Int+4 Slay+2}
Stlth    +.........             a - +3 amulet of reflection
HPRegen  0.74/turn              v - ring of protection from magic
MPRegen  0.14/turn              R - +3 ring of evasion

@: lethally poisoned (-15 -> -15), protected from cold, repel missiles
A: retaliatory headbutt, horns 2
a: Upheaval, Elemental Force, Disaster Area, Renounce Religion


You were on level 3 of the Elven Halls.
You worshipped Qazlal.
Qazlal was extremely pleased with you.
You were very hungry.

You visited 4 branches of the dungeon, and saw 18 of its levels.

You collected 1181 gold pieces.
You spent 1062 gold pieces at shops.

Inventory:

Hand Weapons
 s - a +2 battleaxe of draining
 u - a +2 mace of holy wrath
 y - a +3 dire flail of protection
 F - a +2 long sword of holy wrath
 U - a +7 hand axe of flaming (weapon)
 Y - a +3 battleaxe of freezing
 Z - a +4 flail of draining
Missiles
 L - 19 tomahawks
 V - 2 tomahawks of returning (quivered)
Armour
 c - a +1 shield (worn)
 B - a scarf of spirit shield (worn)
 C - a +0 pair of gloves (worn)
 E - the +2 pair of boots of Sunlight (worn) {Int+4 Slay+2}
   (You found it on level 6 of the Dungeon)

   It affects your intelligence (+4).
   It affects your accuracy and damage with ranged weapons and melee attacks
   (+2).
 N - a +1 plate armour
 S - a +0 hat of intelligence (worn)
 X - a +1 troll leather armour (worn)
Magical Staves
 l - an uncursed staff of air {unknown}
Jewellery
 a - a +3 amulet of reflection (around neck)
 g - an uncursed ring of see invisible
 p - an uncursed amulet of harm
 v - a ring of protection from magic (left hand)
 w - an uncursed ring of teleportation
 z - an uncursed ring of protection from cold
 D - a cursed ring of teleportation
 G - a +4 amulet of reflection
 R - a +3 ring of evasion (right hand)
Wands
 b - a wand of iceblast (4)
 d - a wand of polymorph (9)
 i - a wand of flame (20)
 t - a wand of paralysis (6)
 A - a wand of digging (7)
 T - a wand of random effects (17)
Scrolls
 j - a scroll of teleportation
 k - 8 scrolls of amnesia
 m - 2 scrolls of remove curse
 x - 3 scrolls of identify
 H - 3 scrolls of random uselessness
 I - a scroll of vulnerability {unknown}
 K - 3 scrolls of magic mapping
Potions
 e - a potion of lignification
 h - a potion of ambrosia
 n - 2 potions of agility
 o - a potion of magic
 q - 2 potions of cancellation
Miscellaneous
 r - a lamp of fire
 M - 2 boxes of beasts
Comestibles
 f - 29 rations


   Skills:
 + Level 17.1 Fighting
   Level 1.9 Short Blades
 + Level 16.6 Axes
 + Level 2.0(11.3) Maces & Flails
 + Level 11.8 Armour
 + Level 7.9 Dodging
 + Level 1.8 Stealth
 + Level 17.9 Shields


You had 14 spell levels left.
You didn't know any spells.
Your spell library contained the following spells:

 Spells                   Type           Power        Failure   Level  Hunger
 Apportation              Tloc           #.....       36%         1    ##.....
 Sting                    Conj/Pois      #...         36%         1    ##.....
 Summon Butterflies       Summ           #.......     36%         1    ##.....
 Throw Frost              Conj/Ice       #.....       50%         2    ###....
 Lesser Beckoning         Tloc           #.........   73%         3    ####...
 Tukima's Dance           Hex            #.......     73%         3    ####...
 Throw Icicle             Conj/Ice       #.......     98%         4    #####..
 Alistair's Intoxication  Tmut/Pois      #.......     100%        5    ######.
 Freezing Cloud           Conj/Ice/Air   #.........   100%        6    #######
 Invisibility             Hex            #.......     100%        6    #######


Dungeon Overview and Level Annotations

Branches:
Dungeon (12/15)            Temple (1/1) D:4            Lair (0/6) D:10
    Orc (2/2) D:11            Elf (3/3) Orc:2

Altars:
Cheibriados
Dithmenos
Elyvilon
Fedhas
Gozag
Hepliaklqana
Kikubaaqudgha
Makhleb
Nemelex Xobeh
Okawaru
Qazlal
Ru
Sif Muna
Trog
Uskayaw
Vehumet
Wu Jian
Xom
Yredelemnul
Zin
The Shining One

Shops:
D:5 =   D:6 :   Orc:2 }}(*   Elf:1 %   Elf:2 :*


Innate Abilities, Weirdness & Mutations

You reflexively headbutt those who attack you in melee.
You have a pair of horns on your head.


Message History

The Executioner hits you but does no damage.
You block the Executioner's attack. The Executioner closely misses you. x2
You block the Executioner's attack.
A deep elf knight comes into view. It is wielding a +0 scimitar.
Clouds arounds you coalesce and take form!
You hear a shout! x2
You block the Executioner's attack. x3; The Executioner hits you!
The Executioner hits you but does no damage.
You block the Executioner's attack.
The deep elf elementalist hits you but does no damage.
The deep elf demonologist is engulfed in blazing flames.
The deep elf demonologist casts a spell.
You block the earth elemental's attack. The Ice Fiend claws you!
The Ice Fiend freezes you!!!
* * * LOW HITPOINT WARNING * * *
The Ice Fiend claws you!
* * * LOW HITPOINT WARNING * * *
The Ice Fiend freezes you!!!
You feel protected from cold.
You die...

#.# #.# #.##
##..# #...#
#E## ###E###
##.1E..##
#.E§@ee.#
#...3e.1....#
#...52e5°...#
#....5......#
#.....e.....#
#=..........#
#......)....#
###...e...###


You could see an Ice Fiend, a cacodemon, an Executioner, 2 deep elf
elementalists, 2 deep elf demonologists, 2 deep elf knights, 3 earth elementals,
a neqoxec, a crimson imp, a shadow imp, an ufetubus and a friendly water
elemental.

Vanquished Creatures
  A sphinx (shapeshifter) (Elf:1)
  A deep elf sorcerer (Elf:1)
  Aizul (Elf:3)
  An orc warlord (Orc:2)
  A deep elf demonologist (Elf:1)
  A deep elf annihilator (Elf:1)
  An ettin (Orc:2)
  Fannar (Orc:1)
  A hydra (D:8)
  2 ogre magi (Orc:1)
  10 two-headed ogres
  18 dancing weapons
  9 deep elf knights
  A fire crab (shapeshifter) (Elf:2)
  2 deep trolls
  6 deep elf archers
  Pikel (D:6)
  52 deep elf magi
  A cyclops (Orc:2)
  Joseph (D:7)
  Psyche (D:8)
  A gargoyle (D:10)
  A polar bear (shapeshifter) (D:11)
  9 trolls
  A hornet (D:9)
  2 dream sheep (D:8)
  2 hippogriffs
  A tarantella (shapeshifter) (Elf:1)
  2 water elementals
  2 yaks (D:8)
  2 air elementals
  A wyvern (D:4)
  A fire elemental (Elf:2)
  Menkaure (D:7)
  3 hungry ghosts
  2 wargs (Orc:2)
  2 water moccasins
  14 orc warriors
  2 sky beasts (D:7)
  4 phantoms
  A slave (D:6)
  A black bear (D:9)
  27 ogres
  A necrophage (D:11)
  7 centaurs
  6 big kobolds
  8 bullfrogs
  6 earth elementals
  A gnoll sergeant (Orc:1)
  3 scorpions
  5 killer bees (D:10)
  3 wights (D:8)
  2 howler monkeys
  5 crimson imps
  A centaur zombie (D:8)
  2 bullfrog zombies (D:11)
  2 quasits
  A centaur skeleton (D:9)
  4 hounds
  3 jellies
  10 orc priests
  19 orc wizards
  A gnoll shaman (D:8)
  3 iguanas
  4 worker ants
  A hound skeleton (D:6)
  A mummy (D:5)
  A howler monkey zombie (D:6)
  11 gnolls
  8 adders
  A shadow imp (D:6)
  An adder skeleton (D:6)
  An adder zombie (D:8)
  2 worms (D:2)
  3 dart slugs (D:1)
  8 leopard geckos
  55 orcs
  7 bats
  4 giant cockroaches
  3 hobgoblins (D:1)
  10 jackals
  A quokka (D:5)
  A ball python (D:2)
  4 frilled lizards
  2 goblins
  A hobgoblin zombie (D:5)
  A jackal skeleton (D:5)
  16 kobolds
  2 kobold zombies (D:5)
  A leopard gecko skeleton (D:5)
  An orc zombie (D:5)
  2 rats
  4 fungi
445 creatures vanquished.

Vanquished Creatures (others)
  A stone giant (Orc:1)
  4 deep elf archers (Elf:2)
  2 deep elf magi
  2 cyclopes
  A golden eye (shapeshifter) (Elf:2)
  A centaur (D:11)
  A worker ant zombie (D:6)
12 creatures vanquished.

Grand Total: 457 creatures vanquished

Notes
Turn   | Place    | Note
-------+----------+-------------------------------------------
     0 | D:1      | Marnok the Minotaur Fighter began the quest for the Orb.
     0 | D:1      | Reached XP level 1. HP: 19/19 MP: 0/0
   115 | D:1      | Reached XP level 2. HP: 27/27 MP: 1/1
   428 | D:1      | Reached XP level 3. HP: 29/33 MP: 2/2
   902 | D:2      | Reached XP level 4. HP: 35/40 MP: 3/3
   903 | D:2      | Found a blossoming altar of Fedhas.
  1285 | D:3      | Reached skill level 5 in Shields
  1405 | D:3      | Reached XP level 5. HP: 31/46 MP: 4/4
  1812 | D:4      | Noticed an ogre
  1823 | D:4      | Killed an ogre
  1823 | D:4      | Reached skill level 5 in Armour
  1823 | D:4      | Reached skill level 1 in Dodging
  1823 | D:4      | Reached XP level 6. HP: 46/53 MP: 5/5
  1877 | D:4      | Reached skill level 5 in Axes
  1936 | D:4      | Found a staircase to the Ecumenical Temple.
  1965 | Temple   | Entered the Ecumenical Temple
  2040 | Temple   | Became a worshipper of Qazlal Stormbringer
  2126 | D:4      | Reached XP level 7. HP: 57/60 MP: 6/6
  2259 | D:5      | Entered Level 5 of the Dungeon
  2283 | D:4      | Noticed a wyvern
  2290 | D:4      | Killed a wyvern
  2290 | D:4      | Reached skill level 5 in Fighting
  2760 | D:5      | Reached XP level 8. HP: 38/69 MP: 7/7
  3008 | D:5      | Found Qeagosme's Jewellery Shoppe.
  3014 | D:5      | Bought an uncursed ring of see invisible for 210 gold
                  | pieces
  3191 | D:5      | Reached * piety under Qazlal
  3388 | D:6      | Found a basalt altar of Yredelemnul.
  3401 | D:6      | Got a pair of shimmering boots
  3407 | D:6      | Identified the +2 pair of boots of Sunlight {Int+4 Slay+2}
                  | (You found it on level 6 of the Dungeon)
  3529 | D:7      | Noticed a +0 dagger
  3529 | D:7      | Noticed a +0 dagger
  3556 | D:6      | Noticed Pikel
  3567 | D:6      | Killed Pikel
  3567 | D:6      | Reached XP level 9. HP: 78/78 MP: 8/8
  3626 | D:6      | Reached ** piety under Qazlal
  3883 | D:6      | Found a snail-covered altar of Cheibriados.
  3919 | D:6      | Found Iphoskem's Book Emporium.
  4038 | D:7      | Reached skill level 10 in Axes
  4040 | D:7      | Found a hide-covered altar of Uskayaw.
  4139 | D:7      | Noticed Joseph
  4150 | D:7      | Killed Joseph
  4251 | D:7      | Found a hazy altar of Hepliaklqana.
  4256 | D:7      | Found a sparkling altar of Nemelex Xobeh.
  4260 | D:7      | Found a radiant altar of Vehumet.
  4269 | D:7      | Found a glowing golden altar of the Shining One.
  4269 | D:7      | Found a white marble altar of Elyvilon.
  4326 | D:7      | Found a shimmering altar of Xom.
  4359 | D:7      | Noticed Menkaure
  4364 | D:7      | Killed Menkaure
  4566 | D:8      | Reached XP level 10. HP: 86/86 MP: 9/9
  4652 | D:8      | Noticed a three-headed hydra
  4666 | D:8      | Killed a three-headed hydra
  4666 | D:8      | Reached skill level 1 in Maces & Flails
  4833 | D:8      | Reached skill level 1 in Short Blades
  4833 | D:8      | Reached skill level 10 in Shields
  4914 | D:8      | Found an ornate altar of the Wu Jian Council.
  5039 | D:8      | Reached *** piety under Qazlal
  5199 | D:8      | Noticed Psyche
  5207 | D:8      | Killed Psyche
  5355 | D:10     | Entered Level 10 of the Dungeon
  5783 | D:9      | Reached XP level 11. HP: 97/97 MP: 10/10
  6094 | D:10     | Found a staircase to the Lair.
  6120 | D:10     | Found a basalt altar of Yredelemnul.
  6166 | D:10     | Noticed a two-headed ogre
  6174 | D:10     | Killed a two-headed ogre
  6274 | D:10     | Reached skill level 10 in Fighting
  6408 | D:11     | Found a blossoming altar of Fedhas.
  7060 | D:11     | Reached **** piety under Qazlal
  7256 | D:11     | Found a staircase to the Orcish Mines.
  7264 | Orc:1    | Entered Level 1 of the Orcish Mines
  7269 | Orc:1    | Noticed Fannar
  7281 | Orc:1    | Killed Fannar
  7281 | Orc:1    | Reached skill level 1 in Stealth
  7524 | Orc:2    | Entered Level 2 of the Orcish Mines
  7527 | Orc:2    | Noticed an ettin
  7531 | Orc:2    | Noticed a deep troll
  7534 | Orc:2    | Noticed a two-headed ogre
  7535 | Orc:2    | Noticed a two-headed ogre
  7537 | Orc:2    | Noticed a two-headed ogre
  7541 | Orc:2    | Noticed a two-headed ogre
  7541 | Orc:2    | Noticed a two-headed ogre
  7545 | Orc:2    | Killed an ettin
  7545 | Orc:2    | Noticed an ogre mage
  7545 | Orc:2    | Noticed a two-headed ogre
  7548 | Orc:2    | Killed a two-headed ogre
  7548 | Orc:2    | Killed a deep troll
  7550 | Orc:2    | Noticed an ogre mage
  7552 | Orc:2    | Noticed a deep troll
  7553 | Orc:2    | Killed a two-headed ogre
  7553 | Orc:2    | Noticed a two-headed ogre
  7555 | Orc:2    | Reached XP level 12. HP: 100/110 MP: 8/11
  7560 | Orc:2    | Killed a two-headed ogre
  7561 | Orc:2    | Noticed a two-headed ogre
  7564 | Orc:2    | Noticed a stone giant
  7574 | Orc:1    | Killed an ogre mage
  7897 | Orc:1    | Killed a two-headed ogre
  7899 | Orc:1    | Killed a two-headed ogre
  7901 | Orc:1    | Killed an ogre mage
  7917 | Orc:1    | Killed a two-headed ogre
  7917 | Orc:1    | Reached skill level 10 in Armour
  7924 | Orc:1    | Killed a stone giant
  8117 | Orc:1    | Reached ***** piety under Qazlal
  8119 | Orc:1    | Killed a two-headed ogre
  8119 | Orc:1    | Killed a two-headed ogre
  8262 | Orc:2    | Found Kikhleleo's Gadget Emporium.
  8264 | Orc:2    | Found Qossodit's Weapon Boutique.
  8267 | Orc:2    | Found Jowutos's Gadget Boutique.
  8268 | Orc:2    | Found Kusch's Assorted Antiques.
  8290 | Orc:2    | Bought a wand of digging (7) for 308 gold pieces
  8295 | Orc:2    | Noticed an orc warlord
  8296 | Orc:2    | Found a staircase to the Elven Halls.
  8315 | Orc:2    | Killed an orc warlord
  8315 | Orc:2    | Reached XP level 13. HP: 122/122 MP: 10/12
  8784 | Orc:2    | Found Golloquw's Assorted Antiques.
  8793 | Orc:2    | Bought a potion of might for 108 gold pieces
  8793 | Orc:2    | Bought a scroll of enchant weapon for 202 gold pieces
  8793 | Orc:2    | Bought a scroll of magic mapping for 94 gold pieces
  8964 | Elf:1    | Entered Level 1 of the Elven Halls
  8987 | Elf:1    | Reached skill level 15 in Shields
  9025 | Elf:1    | Identified a scroll of acquirement
  9110 | Elf:1    | Reached skill level 15 in Axes
  9371 | Elf:1    | Found Voumoi's Food Boutique.
  9384 | Elf:1    | Bought a ration for 70 gold pieces
  9384 | Elf:1    | Bought a ration for 70 gold pieces
  9463 | Elf:1    | Noticed an azure jelly
  9463 | Elf:1    | an alligator snapping turtle changed into an azure jelly
  9464 | Elf:1    | Noticed a deep elf sorcerer
  9467 | Elf:1    | Noticed a quicksilver dragon
  9468 | Elf:1    | Noticed a sphinx
  9468 | Elf:1    | a quicksilver dragon changed into a sphinx
  9473 | Elf:1    | Killed a sphinx
  9476 | Elf:1    | Killed a deep elf sorcerer
  9476 | Elf:1    | Reached skill level 15 in Fighting
  9479 | Elf:1    | Noticed a deep elf demonologist
  9495 | Elf:1    | Killed a deep elf demonologist
  9524 | Elf:1    | Reached XP level 14. HP: 123/135 MP: 11/13
  9632 | Elf:1    | Reached skill level 5 in Dodging
  9674 | Elf:1    | Identified the Compendium of the Ancient Lives
  9940 | Elf:2    | Reached ****** piety under Qazlal
 10270 | Elf:2    | Found Xuluv's General Store.
 10611 | Elf:2    | Found a runed translucent gate.
 10612 | Elf:2    | Found a runed translucent gate.
 10613 | Elf:2    | Found a runed translucent gate.
 11152 | Elf:2    | Reached XP level 15. HP: 147/147 MP: 14/14
 11175 | Elf:2    | Found Seibekan's One-of-a-Kind Books.
 11391 | Elf:3    | Entered Level 3 of the Elven Halls
 11556 | Elf:3    | Noticed Aizul
 11569 | Elf:3    | Killed Aizul
 11674 | Elf:3    | Noticed an Ice Fiend
 11675 | Elf:3    | Noticed an Executioner
 11678 | Elf:3    | Demolished by an Ice Fiend

Skill      XL: |  1  2  3  4  5  6  7  8  9 10 11 12 13 14 |
---------------+-------------------------------------------+-----
Fighting       | 4 5 6 7 9 11 13 15 17 | 17.1
Shields        | 4 5 6 7 8 10 12 14 16 17 | 17.9
Axes           | 3 4 5 6 9 11 12 13 14 15 16 | 16.6
Armour         | 4 5 6 7 8 9 10 11 | 11.8
Dodging        | 1 2 3 4 7 |  7.9
Maces & Flails | 2 |  2.0
Short Blades   | 1 |  1.9
Stealth        | 1 |  1.8

Action                   |  1- 3 |  4- 6 |  7- 9 | 10-12 | 13-15 || total
-------------------------+-------+-------+-------+-------+-------++-------
Melee: War axe           |    84 |    96 |   193 |    41 |       ||   414
       Headbutt          |    10 |    18 |    28 |    65 |   116 ||   237
       Hand axe          |       |       |       |   273 |   553 ||   826
       Mace              |       |       |       |     6 |       ||     6
       Short sword       |       |       |       |     4 |       ||     4
Invok: Elemental Force   |       |       |       |       |     1 ||     1
       Disaster Area     |       |       |       |       |     1 ||     1
  Use: Scroll            |       |    11 |       |    10 |    10 ||    31
       Potion            |       |       |       |    18 |     6 ||    24
  Eat: Chunk             |       |     3 |     7 |    11 |     6 ||    27
       Ration            |       |       |     1 |     1 |     1 ||     3
Armor: Scale mail        |    44 |    24 |    30 |       |       ||    98
       Plate armour      |       |       |    18 |    94 |    16 ||   128
       Troll leather arm |       |       |       |       |    46 ||    46
Dodge: Dodged            |    26 |    27 |    53 |   115 |    90 ||   311
       Deflected         |       |       |       |     4 |     7 ||    11
Block: Shield            |    57 |    59 |   124 |   359 |   420 ||  1019
       Reflection        |       |       |       |    26 |    33 ||    59
